 Dungeon Crawl Stone Soup version 0.17-a0-1468-gbf503c2 (webtiles) character file.

179 patman the Insei (level 5, 0/32 HPs)
             Began as a Tengu Monk on July 1, 2015.
             Slain by an orc wizard
             ... wielding a +0 dagger
              (4 damage)
             ... on level 3 of the Dungeon.
             The game lasted 00:04:04 (2352 turns).

patman the Insei (Tengu Monk)                       Turns: 2352, Time: 00:04:04

Health: 0/32       AC:  2    Str: 12    XL:     5   Next: 59%
Magic:  6/6        EV: 14    Int: 11    God:
Gold:   156        SH:  0    Dex: 20    Spells: 0 memorised, 4 levels left

rFire  . . .     SeeInvis .       - Unarmed
rCold  . . .     Clarity  .     a - +0 robe
rNeg   . . .     SustAt   .     (no shield)
rPois  .         Gourm    .     (helmet restricted)
rElec  .         Spirit   .     (no cloak)
rCorr  .         Warding  .     (no gloves)
rMut   +         Stasis   .     (boots unavailable)
MR     .....                    k - amulet of resist mutation
Stlth  ++........               (no ring)
                                l - +4 ring of dexterity

@: not resistant to hostile enchantments, unstealthy
A: beak, talons 3, able to fly 1
a: Fly


You were on level 3 of the Dungeon.
You were hungry.

You visited 1 branch of the dungeon, and saw 3 of its levels.

You collected 156 gold pieces.

Inventory:

Hand weapons
 q - a +0 blowgun
Missiles
 r - 21 poisoned needles
Armour
 a - a +0 robe (worn)
Jewellery
 k - an amulet of resist mutation (around neck)
 l - a +4 ring of dexterity (left hand)
 o - an uncursed amulet of stasis
Scrolls
 c - 2 scrolls of identify
 d - a scroll of teleportation
 e - 2 scrolls of amnesia
 h - 2 scrolls of remove curse
Potions
 g - a potion of flight {unknown}
 i - a potion of lignification {unknown}
 m - a potion of brilliance {unknown}
 n - a potion of ambrosia {unknown}
 p - 2 potions of beneficial mutation {unknown}
 t - a potion of haste {unknown}
Comestibles
 b - 4 bread rations
 f - 4 meat rations
 j - 3 fruits


   Skills:
 - Level 3.0 Fighting
 - Level 3.2 Dodging
 - Level 2.0 Stealth
 + Level 7.3 Unarmed Combat


You had 4 spell levels left.
You didn't know any spells.

Dungeon Overview and Level Annotations

Branches:
Dungeon (3/15)

Altars:
Nemelex Xobeh

Annotations:
D:3 Robin


Innate Abilities, Weirdness & Mutations

You have a beak for a mouth.
You have claws for feet.
You can fly.


Message History

You are too injured to fight recklessly!
Unknown command.
You barely miss the orc priest.
The orc priest is almost dead.
The orc barely misses you. The orc priest hits you.
* * * LOW HITPOINT WARNING * * *
Unknown command.
You punch the orc priest!
You kill the orc priest!
The orc completely misses you. The orc wizard misses you.
The orc barely misses you.
Unknown command.
You hit the orc wizard.
The orc wizard is heavily wounded.
The orc wizard closely misses you. The orc hits you but does no damage.
Unknown command.
You closely miss the orc wizard. Your kick misses the orc wizard.
The orc wizard is heavily wounded.
The orc wizard hits you with a dagger.
You die...

### ...
########'###
............#
............#
.........oo[.#
..#......o@# .
.'........#
..##.....)..#
.''........#
#........#
#........###
####)........
#.###.####
#.###.#


You could see an orc wizard and 2 orcs.

Vanquished Creatures
  Jessica (D:3)
  2 orc priests (D:3)
  2 adders (D:3)
  2 oozes (D:2)
  2 worms
  4 orcs (D:3)
  2 giant cockroaches (D:1)
  13 goblins
  8 hobgoblins
  2 jackals (D:3)
  A ball python (D:3)
  7 bats
  4 giant newts
  7 kobolds
  7 rats
64 creatures vanquished.

Notes
Turn   | Place    | Note
--------------------------------------------------------------
     0 | D:1      | patman the Tengu Monk began the quest for the Orb.
     0 | D:1      | Reached XP level 1. HP: 14/14 MP: 2/2
   146 | D:1      | Reached XP level 2. HP: 19/19 MP: 3/3
   233 | D:1      | Reached skill level 5 in Unarmed Combat
   704 | D:2      | Reached XP level 3. HP: 23/23 MP: 4/4
  1000 | D:2      | Found a sparkling altar of Nemelex Xobeh.
  1527 | D:3      | Noticed Jessica
  1535 | D:3      | Killed Jessica
  1535 | D:3      | Reached skill level 6 in Unarmed Combat
  1535 | D:3      | Reached XP level 4. HP: 10/28 MP: 5/5
  1735 | D:3      | Noticed Robin
  1800 | D:3      | Gained mutation: You can fly. [Tengu growth]
  1800 | D:3      | Reached XP level 5. HP: 11/32 MP: 6/6
  1830 | D:3      | HP: 1/32 [poisoned by a kobold]
  2073 | D:3      | Reached skill level 7 in Unarmed Combat
  2352 | D:3      | Slain by an orc wizard

Vault maps used:
D:1:      evilmike_arrival_crescent
D:2:      lemuel_doored_altar
D:3:      kennysheep_big_flooded_room, uniq_robin, uniq_jessica

Action                   |  1- 3 |  4- 6 || total
-------------------------+-------+-------++-------
Melee: Unarmed           |    77 |    77 ||   154
  Use: Scroll            |     4 |       ||     4
 Stab: Sleeping          |    14 |       ||    14
  Eat: Chunk             |     2 |     2 ||     4
